 Dungeon Crawl Stone Soup version 0.19.5 (webtiles) character file.

683 Lizzreth the Poker (level 7, -3/46 HPs)
             Began as a Formicid Fighter on Mar 15, 2017.
             Was an Initiate of Hepliaklqana.
             Shot with an arrow by a centaur (5 damage)
             ... on level 5 of the Dungeon.
             The game lasted 00:21:34 (4770 turns).

Lizzreth the Poker (Formicid Fighter)               Turns: 4770, Time: 00:21:35

Health: -3/46      AC:  5    Str: 21    XL:     7   Next: 93%
Magic:  7/7        EV: 14    Int: 13    God:    Hepliaklqana [......]
Gold:   148        SH: 10    Dex: 16    Spells: 0 memorised, 6 levels left

rFire  . . .     SeeInvis +     p - +0 scythe (venom)
rCold  + . .     Gourm    .     d - +2 robe {rC+}
rNeg   . . .     Faith    .     c - +0 shield
rPois  .         Spirit   .     (helmet unavailable)
rElec  .         Reflect  .     (no cloak)
rCorr  .         Harm     .     (no gloves)
MR     .....                    e - +0 pair of boots
Stlth  ++........               (no amulet)
                                (no ring)
                                k - ring of see invisible

@: brilliant, agile
A: permanent stasis, dig shafts and tunnels, four strong arms, reduced essence,
antennae 3
a: Dig, Shaft Self, Recall Ancestor, Ancestor Identity, Renounce Religion


You were on level 5 of the Dungeon.
You worshipped Hepliaklqana.
Hepliaklqana was noncommittal.
You were not hungry.

You visited 2 branches of the dungeon, and saw 6 of its levels.

You collected 148 gold pieces.

Inventory:

Hand Weapons
 a - a +0 long sword
 p - a +0 scythe of venom (weapon)
Armour
 b - a +0 scale mail
 c - a +0 shield (worn)
 d - a +2 robe of cold resistance (worn)
 e - a +0 pair of boots (worn)
Jewellery
 k - a ring of see invisible (left hand)
Wands
 s - a wand of lightning (9/15)
 x - a wand of acid (7/15)
Scrolls
 g - 3 scrolls of identify
 i - a scroll of remove curse {unknown}
 l - 2 scrolls of immolation
 m - a scroll of magic mapping
 n - a scroll of enchant armour {unknown}
 r - 2 scrolls of recharging
 v - 2 scrolls of amnesia
Potions
 o - a potion of magic {unknown}
 w - a potion of agility
 z - a potion of cure mutation
Comestibles
 f - 5 bread rations
 j - 5 meat rations
 q - 4 fruits
 u - a slice of pizza


   Skills:
 - Level 3.2 Fighting
 - Level 5.7 Long Blades
 * Level 5.8 Polearms
 - Level 3.2 Armour
 - Level 3.6 Shields


You had 6 spell levels left.
You didn't know any spells.

Dungeon Overview and Level Annotations

Branches:
Dungeon (5/15)             Temple (1/1) D:4

Altars:
Dithmenos
Fedhas
Hepliaklqana
Kikubaaqudgha
Makhleb
Qazlal
Xom
Yredelemnul
Zin


Innate Abilities, Weirdness & Mutations

You are under a permanent stasis effect.
You can dig through walls and to a lower floor.
Your four strong arms can wield two-handed weapons with a shield.
You have a pair of large antennae on your head. (SInv)
Your life essence is reduced. (-10% HP)


Message History

The centaur shoots an arrow.
The arrow barely misses you.
Attack whom?
Press: ? - help, Dir - move target cursor, f/p - centaur
Aim: a centaur, wielding a shortbow (heavily wounded)
You reach to attack!
You barely miss the centaur.
The centaur is heavily wounded.
The centaur shoots an arrow.
The arrow hits you!
The centaur shoots an arrow.
You block the arrow.
The centaur shoots an arrow.
The arrow hits you!
* * * LOW HITPOINT WARNING * * *
You are too injured to fight recklessly!
You are too injured to fight recklessly!
You are too injured to fight recklessly!
Unknown command.
It was a potion of agility.
You feel agile all of a sudden.
The centaur shoots an arrow.
You block the arrow.
It was a potion of brilliance.
You feel clever all of a sudden.
The centaur shoots an arrow.
The arrow hits you.
You die...

#.# #.### #...#
#.#.# #.#.# #<#.#
###.#
#$#..(######.####
#..(..((@(c......
#.#..........####
# #########......
...... #####


You could see a centaur.

Vanquished Creatures
  Sigmund (D:2)
  Edmund (D:4)
  An ogre (D:4)
  An orc wizard (D:4)
  A worker ant (D:4)
  Robin (D:4)
  4 gnolls (D:4)
  6 adders
  An ooze (D:2)
  A dart slug (D:2)
  4 worms
  4 leopard geckos
  3 orcs (D:4)
  A ball python (D:3)
  5 giant cockroaches
  11 goblins
  7 hobgoblins
  3 jackals
  A quokka (D:4)
  8 bats
  6 frilled lizards
  2 kobolds
  A leopard gecko skeleton (D:4)
  A quokka skeleton (D:4)
  5 rats
  A spectral orc (D:3)
81 creatures vanquished.

Vanquished Creatures (collateral kills)
  A crimson imp (D:4)
  A hound (D:4)
  An adder skeleton (D:4)
  3 goblins (D:4)
  A hobgoblin (D:4)
  3 jackals (D:4)
  A quokka (D:4)
11 creatures vanquished.

Vanquished Creatures (others)
  3 ancestors
3 creatures vanquished.

Grand Total: 95 creatures vanquished

Notes
Turn   | Place    | Note
-------+----------+-------------------------------------------
     0 | D:1      | Lizzreth the Formicid Fighter began the quest for the Orb.
     0 | D:1      | Reached XP level 1. HP: 18/18 MP: 1/1
   260 | D:1      | Reached XP level 2. HP: 24/24 MP: 2/2
  1022 | D:2      | Reached XP level 3. HP: 29/29 MP: 3/3
  1125 | D:2      | Noticed Sigmund
  1130 | D:2      | Killed Sigmund
  1130 | D:2      | Reached skill level 5 in Long Blades
  1130 | D:2      | Reached XP level 4. HP: 31/35 MP: 4/4
  1130 | D:2      | Reached XP level 5. HP: 36/41 MP: 5/5
  1162 | D:2      | Reached XP level 6. HP: 22/47 MP: 6/6
  1476 | D:2      | Reached skill level 1 in Polearms
  2655 | D:3      | Found a basalt altar of Yredelemnul.
  3010 | D:4      | Found a staircase to the Ecumenical Temple.
  3079 | Temple   | Entered the Ecumenical Temple
  3100 | Temple   | Became a worshipper of Hepliaklqana the Forgotten
  3709 | D:4      | Noticed Edmund
  3715 | D:4      | Killed Edmund
  3715 | D:4      | Reached XP level 7. HP: 24/46 MP: 7/7
  4006 | D:4      | Noticed Robin
  4038 | D:4      | HP: 1/46 [hobgoblin/club[Robin] (6)]
  4050 | D:4      | Killed Robin
  4377 | D:4      | Reached skill level 5 in Polearms
  4750 | D:5      | Entered Level 5 of the Dungeon
  4768 | D:5      | HP: 1/46 [centaur/arrow (14)]
  4770 | D:5      | Shot with an arrow by a centaur

Skill      XL: |  1  2  3  4  5  6  7 |
---------------+----------------------+-----
Long Blades    | 3 5 |  5.7
Polearms       | 4 5 |  5.8
Fighting       | |  3.2
Armour         | |  3.2
Shields        | |  3.6

Action                   |  1- 3 |  4- 6 |  7- 9 || total
-------------------------+-------+-------+-------++-------
Melee: Long sword        |    61 |       |       ||    61
       Scythe            |       |   157 |    55 ||   212
 Abil: Dig               |     1 |       |       ||     1
  Use: Potion            |     1 |     3 |     5 ||     9
       Scroll            |       |     8 |       ||     8
 Stab: Sleeping          |       |     3 |       ||     3
  Eat: Chunk             |       |     5 |     4 ||     9
       Bread ration      |       |     1 |       ||     1
Armor: Scale mail        |    29 |       |       ||    29
       Robe              |       |    67 |    21 ||    88
       Skin              |       |       |     4 ||     4
Dodge: Dodged            |    20 |    65 |    25 ||   110
Block: Shield            |    25 |    95 |    32 ||   152
       Rpst.: Long sword |     5 |       |       ||     5
